 Dungeon Crawl Stone Soup version 0.30-a0-722-g3e6e8c874d (webtiles) character file.

Game seed: 1519940630661096381

1156 soursprite the Cudgeller (level 8, -20/51 HPs)
             Began as a Gargoyle Monk on Jan 27, 2023.
             Was an Initiate of Yredelemnul.
             Killed from afar by Maggie (30 damage)
             ... with a bolt of fire
             ... on level 6 of the Dungeon on Jan 28, 2023.
             The game lasted 00:50:00 (4219 turns).

soursprite the Cudgeller (Gargoyle Monk)            Turns: 4219, Time: 00:50:00

Health: -20/51     AC: 18    Str: 16      XL:     8   Next: 39%
Magic:  8/8        EV:  7    Int: 10      God:    Yredelemnul [......]
Gold:   248        SH:  0    Dex: 10 (12) Spells: 7/7 levels left

rFire   x . .      SeeInvis .    h - +2 whip (venom)
rCold   . . .      Faith    .    (no shield)
rNeg    + + .      Spirit   .    d - +3 chain mail {Luckisob}
rPois   ∞          Reflect  .    (no helmet)
rElec   +          Harm     .    v - -1 cloak "Luckisob" {rN+ Will+ rCorr Slay-3}
rCorr   +          Rampage  .    (no gloves)
Will    +....                    (no boots) Stlth
                                 (no amulet)
HPRegen 0.28/turn                f - ring of wizardry {CACEUD DERUFF}
MPRegen 0.11/turn                (no ring)

@: about to teleport
A: sickness immunity, AC +5, negative energy resistance 1, electricity
resistance, torment resistance 1, petrification resistance, deterioration 1,
weak 1, heat vulnerability 1
a: Renounce Religion, Recall Undead Harvest


You were on level 6 of the Dungeon.
You worshipped Yredelemnul.
Yredelemnul was noncommittal.
You visited 2 branches of the dungeon, and saw 7 of its levels.

You collected 248 gold pieces.

Inventory:

Hand Weapons
 a - a +0 mace
 h - a +2 whip of venom (weapon)
 k - a +0 club
 s - a +0 short sword of protection
 y - a +0 morningstar
 B - a +0 flail
Armour
 b - a +0 robe
 d - a +3 chain mail (worn) {Luckisob}
 r - a scarf of shadows
 v - the -1 cloak "Luckisob" (worn) {rN+ Will+ rCorr Slay-3}
   (You found it on level 4 of the Dungeon)

   Slay:      It affects your accuracy & damage with ranged weapons and melee
   (-3).
   rN:        It protects you from negative energy.
   rCorr:     It protects you from acid and corrosion.
   Will:      It increases your willpower.
Jewellery
 f - a ring of wizardry (left hand) {CACEUD DERUFF}
 m - a ring of willpower
 t - a ring of protection from cold
Wands
 l - a wand of flame (28)
 n - a wand of quicksilver (7)
Scrolls
 e - 3 scrolls of fear {CACEUD DERUFF}
 g - 3 scrolls of identify (quivered)
Potions
 c - 2 potions of ambrosia
 i - 2 potions of brilliance
 j - 5 potions of might
 o - 2 potions of cancellation
 q - 2 potions of lignification
 u - a potion of haste
 w - 2 potions of curing
 z - a potion of attraction
 C - a potion of flight


   Skills:
 * Level 6.1 Fighting
 * Level 7.5 Maces & Flails
 + Level 4.0 Armour
 + Level 3.1 Dodging
 + Level 3.0 Stealth


You had 7 spell levels left.
You didn't know any spells.
Your spell library contained the following spells:

 Spells                   Type           Power      Damage    Failure   Level
 Beastly Appendage        Tmut           0%         N/A       91%         1
 Poisonous Vapours        Pois/Air       0%         N/A       97%         2
 Wereblood                Tmut           0%         N/A       97%         2
 Mephitic Cloud           Conj/Pois/Air  0%         N/A       99%         3
 Spider Form              Tmut/Pois      0%         N/A       99%         3
 Cigotuvi's Dreadful Rot  Necr/Pois/Air  Unusable   N/A       N/A         2

Dungeon Overview and Level Annotations

Branches:
Dungeon (6/15)             Temple (1/1) D:5

Altars:
Ashenzari
Cheibriados
Dithmenos
Elyvilon
Fedhas
Gozag
Hepliaklqana
Makhleb
Nemelex Xobeh
Okawaru
Ru
Trog
Uskayaw
Vehumet
Yredelemnul
The Shining One

Annotations:
D:6 Maggie


Innate Abilities, Weirdness & Mutations

You are immune to sickness and miasma.
Your stone body is resilient. (AC +5)
You are immune to poison.
You resist negative energy. (rN+)
You are resistant to electric shocks. (rElec)
You are resistant to unholy torment.
You are immune to petrification.
Your body sometimes deteriorates upon taking damage.
You are weak. (Str -2)
You are vulnerable to heat. (rF-)


Message History

You hit the necrophage.
The necrophage is almost destroyed.
Your water moccasin zombie bites Maggie but does no damage.
You hit the necrophage but do no damage.
The necrophage is almost destroyed.
Maggie looks more healthy.
The necrophage hits you. The necrophage closely misses you.
Maggie casts a spell at your water moccasin zombie.
The bolt of fire hits your water moccasin zombie!
Your water moccasin zombie is destroyed!
You barely miss the necrophage.
The necrophage is almost destroyed.
Maggie shouts!
The necrophage hits you but does no damage. x2
Maggie hits you with a +0 broad axe!
Your body deteriorates!
You feel clumsy.
You barely miss the necrophage.
The necrophage is almost destroyed.
You hit the necrophage.
The necrophage is almost destroyed.
The necrophage hits you but does no damage.
The necrophage hits you.
Maggie says, "Fear not.
I will immortalize you in the tale of my first kill."
Maggie hits you but does no damage.
You hit the necrophage but do no damage.
The necrophage is almost destroyed.
The necrophage hits you but does no damage.
The necrophage hits you.
* * * LOW HITPOINT WARNING * * *
Maggie hits you with a +0 broad axe.
* * * LOW HITPOINT WARNING * * *
Your body deteriorates!
You feel clumsy.
As you read the scroll of teleportation, it crumbles to dust.
You feel strangely unstable. The necrophage completely misses you.
The necrophage closely misses you. Maggie casts a spell at you.
The bolt of fire hits you!! The fire burns you terribly!
Ouch! That really hurt!
You die...
Your body rises from the dead as a mindless zombie.

,,,,,,,,****,,..........#
*,*,,,,,*##,,,,.....#...#
***,,,,,,...,,*##...#..##*##
**,,,,,,*....,* #.<#...###.#
*,,,,,,,*#...#####.##......##
,,,,,,,,,..........#........#
,,,,,,,,<...................#*
,,,,,****......@.............#
,,*,,,,**......n@....#.....###
,,**,,,,,......n...........#
,,**,,,,,.##.......#......##
,,,*,,,,,**##.....##...#.##
,,,,,,,,,* #####.###.####
,,,,,,,,** ### ### ,,,,,,,**
,,,***** *,,,**


You could see Maggie and 2 necrophages.

Vanquished Creatures
  A steam dragon (D:5)
  A water moccasin (D:5)
  2 black bears
  3 scorpions (D:5)
  A howler monkey (D:5)
  A jelly (D:5)
  Ijyb (D:3)
  An iguana (D:5)
  3 orc wizards
  6 adders
  A white imp (D:6)
  A worm (D:2)
  3 dart slugs
  5 orcs
  2 bats (D:2)
  6 endoplasms
  4 giant cockroaches
  A hobgoblin (D:3)
  6 jackals
  4 quokkas
  2 ball pythons
  4 frilled lizards
  3 goblins
  6 kobolds
  2 rats
  A bush (Temple)
71 creatures vanquished.

Vanquished Creatures (collateral kills)
  A water moccasin (D:6)
  An ice beast (D:5)
  A hound (D:5)
  An adder (D:5)
  A worm (D:3)
  An orc (D:5)
  An endoplasm (D:3)
  A goblin (D:4)
8 creatures vanquished.

Vanquished Creatures (others)
  2 water moccasin zombies
  A black bear zombie (D:6)
  A scorpion zombie (D:5)
  2 adder zombies (D:5)
  A spectral white imp (D:6)
  A goblin zombie (D:4)
  An orc zombie (D:5)
  A quokka zombie (D:5)
10 creatures vanquished.

Grand Total: 89 creatures vanquished

Notes
Turn   | Place    | Note
-------+----------+-------------------------------------------
     0 | D:1      | soursprite the Gargoyle Monk began the quest for the Orb.
     0 | D:1      | Reached XP level 1. HP: 14/14 MP: 1/1
   202 | D:1      | Gained mutation: You are weak. (Str -2) [potion of
                  | mutation]
   202 | D:1      | Gained mutation: You are vulnerable to heat. (rF-) [potion
                  | of mutation]
   202 | D:1      | Gained mutation: Your body sometimes deteriorates upon
                  | taking damage. [potion of mutation]
   258 | D:1      | Reached XP level 2. HP: 19/19 MP: 2/2
   899 | D:2      | Reached XP level 3. HP: 22/24 MP: 3/3
  1127 | D:2      | Reached skill level 1 in Armour
  1262 | D:2      | Reached XP level 4. HP: 29/29 MP: 4/4
  1623 | D:3      | Noticed Ijyb
  1641 | D:3      | Killed Ijyb
  1912 | D:3      | Found a basalt altar of Yredelemnul.
  1919 | D:3      | Became a worshipper of Yredelemnul the Dark
  1919 | D:3      | Reached * piety under Yredelemnul
  1919 | D:3      | Reached ** piety under Yredelemnul
  1928 | D:3      | Reached skill level 4 in Maces & Flails
  2146 | D:4      | Reached XP level 5. HP: 32/33 MP: 5/5
  2200 | D:4      | Identified the -1 cloak "Luckisob" {rN+ Will+ rCorr Slay-3}
  2642 | D:4      | Identified the +7 short sword of Qohuisch {freeze, Int+2}
  2812 | D:5      | Entered Level 5 of the Dungeon
  2849 | D:5      | Found a staircase to the Ecumenical Temple.
  3027 | D:5      | Noticed a black bear
  3027 | D:5      | Noticed a water moccasin
  3039 | D:5      | Killed a black bear
  3040 | D:5      | Reached skill level 5 in Maces & Flails
  3040 | D:5      | Reached XP level 6. HP: 13/40 MP: 6/6
  3068 | D:5      | Killed a water moccasin
  3069 | D:5      | Reached skill level 5 in Fighting
  3240 | D:5      | Reached XP level 7. HP: 40/44 MP: 7/7
  3310 | D:5      | Reached skill level 6 in Maces & Flails
  3334 | D:5      | Noticed a steam dragon
  3356 | D:5      | Killed a steam dragon
  3576 | D:5      | Reached skill level 7 in Maces & Flails
  3576 | D:5      | Reached XP level 8. HP: 51/51 MP: 8/8
  3751 | Temple   | Entered the Ecumenical Temple
  4188 | D:6      | Noticed Maggie
  4219 | D:6      | Killed from afar by Maggie

Illustrated notes

Levels and vault maps discovered:
D:1:      dpeg_arrival_boxes_within_box, layout_basic
D:2:      layout_basic
D:3:      layout_rooms, old_standard_altar, minmay_misc_feat_roman, uniq_ijyb
D:4:      layout_loops_ring
D:5:      minmay_diamond_boxcup, layout_basic, temple_pool_b,
          kennysheep_small_circle
D:6:      lemuel_slime, layout_cave_pools, uniq_maggie
Temple:   regret_index_temple_generic_petals

Skill      XL: |  1  2  3  4  5  6  7  8 |
---------------+-------------------------+-----
Armour         | 1 2 3 4 |  4.0
Fighting       | 4 5 6 |  6.1
Maces & Flails | 4 5 7 |  7.5
Dodging        | 3 |  3.1
Stealth        | 3 |  3.0

Action                     |  1- 3 |  4- 6 |  7- 9 || total
---------------------------+-------+-------+-------++-------
  Melee: Mace              |    74 |       |       ||    74
         Whip              |    18 |   149 |   180 ||   347
         Punch             |       |     4 |     4 ||     8
    Use: Potion            |     4 |     1 |     5 ||    10
         Scroll            |     6 |     9 |     5 ||    20
   Stab: Invisible         |       |       |     2 ||     2
 Armour: Chain mail        |   142 |    87 |    78 ||   307
  Dodge: Dodged            |    58 |    54 |    41 ||   153

Table legend: (Time is in decaauts)
 A = Elapsed time spent in this place.
 B = Non-inter-level travel time spent in this place.
 C = Inter-level travel time spent in this place.
 D = Time resting spent in this place.
 E = Time spent auto-exploring this place.
 F = Levels seen in this place.
 G = Mean time per level.
                   A        B        C        D        E       F      G
               +--------+--------+--------+--------+--------+-----+--------+
         Total |   4175 |    839 |   3336 |      0 |      0 |   7 |  596.4 |
       Dungeon |   3857 |    779 |   3078 |      0 |      0 |   6 |  642.8 |
        Temple |    317 |     59 |    258 |      0 |      0 |   1 |  317.0 |
               +--------+--------+--------+--------+--------+-----+--------+

Top non-repeatable levels by time:
     D:5: 934 daAuts
     D:1: 900 daAuts
     D:4: 685 daAuts
     D:2: 639 daAuts
     D:3: 595 daAuts
  Temple: 317 daAuts
     D:6: 102 daAuts
